 Dungeon Crawl Stone Soup version 0.28.0-1-gb440e238dd (webtiles) character file.

Game seed: 16165290923729189407

9176 mortz the Destroyer (level 11, -3/74 HPs)
             Began as a Human Conjurer on Feb 21, 2022.
             Was an Elder of Vehumet.
             Succumbed to barbed spike wounds
             ... on level 11 of the Dungeon.
             The game lasted 02:13:31 (15320 turns).

mortz the Destroyer (Human Conjurer)               Turns: 15320, Time: 02:13:32

Health: -3/74      AC: 13    Str:  7    XL:     11   Next: 69%
Magic:  26/33      EV: 12    Int: 23    God:    Vehumet [****..]
Gold:   29         SH:  3    Dex: 12    Spells: 8/28 levels left

rFire   . . .      SeeInvis .   n - staff of conjuration
rCold   . . .      Faith    .   k - +0 buckler
rNeg    + . .      Spirit   .   W - +0 acid dragon scales
rPois   .          Reflect  .   t - +1 helmet
rElec   .          Harm     .   (no cloak)
rCorr   +          Rampage  .   V - +1 pair of gloves
Will    .....                   u - +1 pair of boots
Stlth   ++........              S - amulet of magic regeneration
HPRegen 0.22/turn               o - ring of magical power
MPRegen 0.63/turn               O - ring of positive energy

@: spiked, slowed, very slow
A: no striking features
a: Renounce Religion


You were on level 11 of the Dungeon.
You worshipped Vehumet.
Vehumet was greatly pleased with you.
You visited 2 branches of the dungeon, and saw 12 of its levels.
You also visited: Sewer and Ossuary.

You collected 532 gold pieces.
You spent 503 gold pieces at shops.

Inventory:

Hand Weapons
 f - a +1 short sword of draining
 g - a +2 flail of pain
 h - a +2 dagger of venom
 j - the +9 flail "Awaiqo" {vamp, Will+ Str+4}
   (You found it on level 10 of the Dungeon)

   It occasionally heals its wielder for a portion of the damage dealt when it
   wounds a living foe.
   Str:       It affects your strength (+4).
   Will:      It increases your willpower.
 q - a +1 trident of venom
 y - a +0 mace of draining
 N - a +2 flail of freezing
 R - a +2 flail of protection
 T - a +2 whip of freezing
 Z - a +5 dagger
Missiles
 v - 3 throwing nets
 E - 23 poisoned darts
Armour
 k - a +0 buckler (worn)
 t - a +1 helmet (worn)
 u - a +1 pair of boots (worn)
 A - a +2 chain mail of cold resistance
 V - a +1 pair of gloves (worn)
 W - +0 acid dragon scales (worn)
Magical Staves
 n - a staff of conjuration (weapon)
Jewellery
 o - a ring of magical power (left hand)
 O - a ring of positive energy (right hand)
 S - an amulet of magic regeneration (around neck)
Wands
 G - a wand of acid (5)
 H - a wand of flame (14)
 Q - a wand of polymorph (8)
 X - a wand of iceblast (8)
 Y - a wand of mindburst (5)
Scrolls
 a - a scroll of brand weapon {unknown}
 d - a scroll of noise {unknown}
 e - 3 scrolls of amnesia
 l - a scroll of blinking
 p - 3 scrolls of immolation {unknown}
 r - a scroll of enchant weapon {unknown}
 s - 2 scrolls of magic mapping {unknown}
 x - 3 scrolls of fear
 C - 2 scrolls of teleportation
 D - 2 scrolls of vulnerability {unknown}
 F - a scroll of summoning {unknown}
 P - a scroll of fog {unknown}
 U - 3 scrolls of holy word {unknown}
Potions
 b - 2 potions of invisibility
 c - 2 potions of might {unknown}
 i - 3 potions of haste
 m - 2 potions of berserk rage {unknown}
 w - 6 potions of curing
 z - 2 potions of mutation
 B - 2 potions of heal wounds
 I - 2 potions of ambrosia
 J - 6 potions of brilliance
 K - 3 potions of magic
 L - a potion of cancellation
 M - a potion of flight


   Skills:
 + Level 2.8 Fighting
 + Level 1.0 Short Blades
 + Level 0.5(3.3) Maces & Flails
 * Level 5.2(5.3) Staves
 + Level 1.2 Throwing
 + Level 4.8 Armour
 + Level 5.7 Dodging
 + Level 5.0 Stealth
 + Level 9.2 Spellcasting
 + Level 10.4 Conjurations
 + Level 0.7 Hexes
 + Level 1.8 Fire Magic
 + Level 0.4 Evocations


You had 8 spell levels left.
You knew the following spells:

 Your Spells              Type           Power      Damage    Failure   Level
a - Magic Dart            Conj           100%       1d8       1%          1
b - Searing Ray           Conj           100%       2d8       1%          2
c - Fulminant Prism       Conj/Hex       26%        3d14      4%          4
d - Foxfire               Conj/Fire      100%       2x1d9     1%          1
e - Dazzling Flash        Conj/Hex       100%       N/A       1%          3
f - Iskenderun's Mystic   Conj/Tloc      51%        2d11      4%          4
g - Conjure Flame         Conj/Fire      55%        6-21      1%          3
h - Scorch                Fire           38%        2d7       3%          2

Your spell library contained the following spells:

 Spells                   Type           Power      Damage    Failure   Level
 Stone Arrow              Conj/Erth      100%       3d13      1%          3
 Poisonous Vapours        Pois/Air       20%        N/A       6%          2
 Animate Skeleton         Necr           20%        N/A       16%         1
 Apportation              Tloc           20%        N/A       16%         1
 Summon Small Mammal      Summ           40%        N/A       16%         1
 Blink                    Tloc           20%        N/A       22%         2
 Corpse Rot               Necr/Air       20%        N/A       22%         2
 Tukima's Dance           Hex            13%        N/A       32%         3
 Ozocubu's Armour         Ice            10%        N/A       41%         3
 Vampiric Draining        Necr           10%        2d6       41%         3
 Anguish                  Hex/Necr       6%         N/A       77%         4
 Metabolic Englaciation   Hex/Ice        6%         N/A       98%         5
 Manifold Assault         Tloc           10%        N/A       99%         5
 Simulacrum               Ice/Necr       5%         N/A       100%        6
 Enfeeble                 Hex            6%         N/A       100%        7
 Ozocubu's Refrigeration  Ice            5%         4d6       100%        7
 Storm Form               Tmut/Air       5%         N/A       100%        7
 Death's Door             Necr           5%         N/A       100%        9


Dungeon Overview and Level Annotations

Branches:
Dungeon (11/15)            Temple (1/1) D:5             Orc (0/2) D:11
  Sewer (visited)         Ossuary (visited)
   Lair: D:8-11

Altars:
Ashenzari
Cheibriados
Dithmenos
Elyvilon
Fedhas
Gozag
Hepliaklqana
Kikubaaqudgha
Nemelex Xobeh
Qazlal
Sif Muna
Vehumet
Xom
Yredelemnul

Shops:
D:6 !(*[(


Message History

The volley of spikes hits you.
The barbed spikes become lodged in your body.
The barbs in your skin will harm you if you move.
Continue?
The barbed spikes dig painfully into your body as you move.
The manticore flicks its tail.
The volley of spikes hits you!
The barbed spikes become lodged in your body.
The manticore flicks its tail.
The volley of spikes hits you.
The barbed spikes become lodged in your body.
The fire ignites!
Things that are here:
a +0 dagger; a +0 robe; a +0 dagger
Casting: Conjure Flame (safe; 1% risk of failure)
Confirm with . or Enter, or press ? or * to list all spells.
You feel a surge of power!
You erupt in a blast of force!
The mystic blast hits the manticore.
The manticore is lightly wounded.
The manticore is knocked back by the mystic blast.
Casting: Iskenderun's Mystic Blast (dangerous; 4% risk of failure)
Confirm with . or Enter, or press ? or * to list all spells.
You feel a surge of power!
You erupt in a blast of force!
The mystic blast hits the manticore.
The manticore is lightly wounded.
The manticore is knocked back by the mystic blast.
Casting: Iskenderun's Mystic Blast (dangerous; 4% risk of failure)
Confirm with . or Enter, or press ? or * to list all spells.
Flames lash the manticore.
The manticore is moderately wounded.
The manticore's fire resistance burns away.
The manticore flicks its tail.
The volley of spikes hits you!
The barbed spikes become lodged in your body.
* * * LOW HITPOINT WARNING * * *
The manticore flicks its tail.
The volley of spikes hits you but does no damage.
The barbed spikes dig painfully into your body as you move.
* * * LOW HITPOINT WARNING * * *
The barbed spikes dig painfully into your body as you move.
You die...

##.# ...# #...
###)K# ....#
#§.#
#).#########.#
#<.H)☼)......#
##.#####@###.#
#.# #..# #..
.....
######....
##.### ##. . .


You could see a manticore (combustible).

Vanquished Creatures
  A cyclops (D:11)
  A gargoyle (D:7)
  4 kobold demonologists (D:11)
  A hornet (D:8)
  2 wraiths
  2 wyverns
  2 vampires
  6 yaks (D:10)
  A warg (D:11)
  Edmund (D:6)
  An acid dragon (D:9)
  2 water moccasins
  2 orc warriors
  A necrophage (D:5)
  A sky beast (D:5)
  4 centaurs
  5 bullfrogs
  Blork the orc (D:4)
  5 kobold brigands
  An elf zombie (Ossuary)
  A wyvern zombie (D:7)
  4 scorpions
  2 wyvern skeletons (D:7)
  7 killer bees
  7 wights
  3 howler monkeys (D:7)
  8 centaur zombies
  4 hounds
  2 human zombies (Ossuary)
  5 orc priests
  A centaur skeleton (D:4)
  A jelly (D:5)
  2 gnoll shamans
  2 iguanas
  8 orc wizards
  A killer bee zombie (D:8)
  A hound skeleton (D:5)
  2 mummies (Ossuary)
  Robin (D:3)
  2 howler monkey zombies
  12 gnolls
  A howler monkey skeleton (D:7)
  9 adders
  A shadow imp (D:4)
  2 ufetubi
  3 adder zombies (Ossuary)
  3 worms
  2 dart slugs
  32 orcs
  11 bats
  8 endoplasms
  3 giant cockroaches
  20 goblins
  13 hobgoblins
  8 jackals
  19 kobolds
  8 quokkas
  5 ball pythons
  A frilled lizard (D:1)
  A goblin zombie (Ossuary)
  8 hobgoblin zombies (Ossuary)
  10 kobold zombies (Ossuary)
  8 orc zombies (Ossuary)
  8 rats
  2 rat zombies (Ossuary)
306 creatures vanquished.

Vanquished Creatures (others)
  11 fulminant prisms
  44 plants
55 creatures vanquished.

Grand Total: 361 creatures vanquished

Notes
Turn   | Place    | Note
-------+----------+-------------------------------------------
     0 | D:1      | mortz the Human Conjurer began the quest for the Orb.
     0 | D:1      | Reached XP level 1. HP: 13/13 MP: 3/3
   155 | D:1      | Reached XP level 2. HP: 13/19 MP: 0/5
   279 | D:1      | Learned a level 2 spell: Searing Ray
   646 | D:1      | Reached XP level 3. HP: 24/24 MP: 2/6
   742 | D:1      | Found a faded altar of an unknown god.
  1819 | D:2      | Reached XP level 4. HP: 30/30 MP: 4/7
  1863 | D:2      | Reached skill level 5 in Conjurations
  3144 | D:3      | Found an ancient bone altar of Kikubaaqudgha.
  3242 | D:3      | Reached XP level 5. HP: 35/35 MP: 6/8
  3374 | D:3      | Noticed Robin
  3428 | D:3      | Killed Robin
  3429 | D:3      | Reached skill level 1 in Short Blades
  4146 | D:4      | Noticed Blork the orc
  4443 | D:4      | Reached XP level 6. HP: 41/41 MP: 5/10
  4791 | D:4      | Found a snail-covered altar of Cheibriados.
  4909 | D:4      | Reached skill level 6 in Conjurations
  5902 | D:5      | Entered Level 5 of the Dungeon
  5959 | D:5      | Noticed a necrophage
  6004 | D:4      | Killed Blork the orc
  6016 | D:5      | Found a staircase to the Ecumenical Temple.
  6019 | D:5      | Reached XP level 7. HP: 33/46 MP: 12/12
  6037 | Temple   | Entered the Ecumenical Temple
  6192 | Temple   | Became a worshipper of Vehumet
  6302 | D:5      | Reached skill level 7 in Conjurations
  6302 | D:5      | Reached XP level 8. HP: 40/53 MP: 12/15
  6464 | D:5      | Reached skill level 1 in Fighting
  6487 | D:5      | Found a glowing drain.
  6511 | Sewer    | Entered a sewer
  6566 | Sewer    | Reached skill level 5 in Spellcasting
  6815 | D:5      | HP: 2/54 [centaur/arrow (5)]
  7466 | D:6      | Found a sand-covered staircase.
  7475 | Ossuary  | Entered an ossuary
  7639 | Ossuary  | Reached * piety under Vehumet
  7639 | Ossuary  | Offered knowledge of Freeze by Vehumet.
  7972 | Ossuary  | Learned a level 4 spell: Fulminant Prism
  8116 | Ossuary  | Reached XP level 9. HP: 48/59 MP: 10/17
  8388 | D:6      | Found Duizor's Distillery.
  8426 | D:6      | Found Ivael's Weapon Emporium.
  8449 | D:6      | Found Kimyew's Assorted Antiques.
  8449 | D:6      | Noticed Edmund
  8456 | D:6      | Killed Edmund
  8457 | D:6      | Reached skill level 8 in Conjurations
  8685 | D:6      | Reached ** piety under Vehumet
  8685 | D:6      | Offered knowledge of Foxfire by Vehumet.
  8700 | D:6      | Learned a level 1 spell: Foxfire
  8704 | D:6      | Learned a level 3 spell: Dazzling Flash
  8799 | D:6      | Found Kaitec's Antique Weapon Emporium.
  8876 | D:6      | Found Ishyxog's Armour Boutique.
  9018 | D:6      | Bought a potion of invisibility for 96 gold pieces
  9018 | D:6      | Bought a potion of cancellation for 96 gold pieces
  9018 | D:6      | Bought 2 potions of degeneration for 24 gold pieces
  9018 | D:6      | Bought a potion of flight for 36 gold pieces
  9084 | D:6      | Bought a potion of mutation for 96 gold pieces
  9437 | D:7      | Learned a level 4 spell: Iskenderun's Mystic Blast
  9560 | D:7      | Reached skill level 1 in Staves
  9607 | D:7      | Noticed a gargoyle
  9704 | D:7      | Offered knowledge of Conjure Flame by Vehumet.
  9709 | D:7      | Learned a level 3 spell: Conjure Flame
  9781 | D:7      | Killed a gargoyle
  9935 | D:7      | Reached XP level 10. HP: 66/66 MP: 21/21
 10271 | D:7      | Reached *** piety under Vehumet
 10272 | D:7      | Reached skill level 9 in Conjurations
 10492 | D:6      | Bought a scroll labelled DOPEFU YCLAC for 23 gold pieces
 11867 | D:9      | Offered knowledge of Inner Flame by Vehumet.
 11989 | D:6      | Bought a potion of ambrosia for 96 gold pieces
 12201 | D:9      | Found a sparkling altar of Nemelex Xobeh.
 12430 | D:10     | Entered Level 10 of the Dungeon
 12451 | D:10     | Reached skill level 1 in Armour
 12535 | D:10     | Identified the +9 flail "Awaiqo" {vamp, Will+ Str+4}
 12561 | D:10     | Found a broken altar of Ashenzari.
 12761 | D:10     | Reached skill level 5 in Dodging
 12925 | D:10     | Reached XP level 11. HP: 40/73 MP: 23/23
 13629 | D:6      | Bought a potion of curing for 36 gold pieces
 13771 | D:9      | Reached skill level 1 in Throwing
 13771 | D:9      | Reached skill level 10 in Conjurations
 13947 | D:9      | Got Sif Muna's Disquisition on Sinister Rituals and Fire
 13951 | D:9      | Learned a level 2 spell: Scorch
 14615 | D:11     | Reached skill level 5 in Stealth
 14839 | D:11     | Noticed a cyclops
 14846 | D:11     | Killed a cyclops
 14853 | D:11     | Found a staircase to the Orcish Mines.
 14861 | D:11     | Reached **** piety under Vehumet
 15287 | D:11     | Reached skill level 1 in Fire Magic
 15296 | D:11     | Reached skill level 5 in Staves
 15302 | D:11     | Offered knowledge of Stone Arrow by Vehumet.
 15313 | D:11     | Noticed a manticore
 15319 | D:11     | HP: 1/74 [barbs]
 15320 | D:11     | Succumbed to barbed spike wounds

Illustrated notes

Levels and vault maps discovered:
D:1:      minmay_arrival_loop, layout_loops_corners,
          hellmonk_ecumenical_altar_dog_temple
D:2:      layout_basic, minmay_tetromino_t4
D:3:      layout_loops_ring, general_overflow_altar,
          kennysheep_decorative_pillar, grunt_ministairs_1,
          serial_park_tiny_pond, uniq_robin
D:4:      layout_gridville, marbit_many_paths, chequers_avenue,
          minmay_pentomino_pile, uniq_blork_the_orc
D:5:      layout_rooms, minmay_temple_entry_gardened_gates,
          cheibrodos_sewer_entry_bend
D:6:      layout_cave_pools, serial_shops, nicolae_shop_hallway_plus, shop,
          shop, shop, nicolae_take_the_stairs,
          lightli_ossuary_entry_decrepit_ruins, uniq_edmund
D:7:      layout_loops_ring
D:8:      layout_loops_cross
D:9:      layout_loops_ring, mainiacjoe_overflow_small_starburst
D:10:     layout_loops_ring, ashenzari_altar_1
D:11:     giant_chief_lemuel, layout_loops_ring, david_lair_shrubbed,
          david_orc_3, kennysheep_small_spiral
Temple:   eino_narrow_crystal_temple

Skill      XL: |  1  2  3  4  5  6  7  8  9 10 11 |
---------------+----------------------------------+-----
Conjurations   | 5 6 7 8 9 10 | 10.4
Short Blades   | 1 |  1.0
Spellcasting   | 3 4 5 7 8 9 |  9.2
Stealth        | 3 4 5 |  5.0
Fighting       | 1 2 |  2.8
Dodging        | 3 4 5 |  5.7
Staves         | 2 4 5 |  5.2
Armour         | 3 4 |  4.8
Throwing       | 1 |  1.2
Fire Magic     | 1 |  1.8
Maces & Flails | |  0.5
Hexes          | |  0.7
Evocations     | |  0.4

Action                   |  1- 3 |  4- 6 |  7- 9 | 10-12 || total
-------------------------+-------+-------+-------+-------++-------
Melee: Unarmed           |    11 |       |       |       ||    11
       Punch             |     1 |       |       |       ||     1
       Short sword       |     3 |       |       |       ||     3
       Dagger            |     2 |     4 |       |       ||     6
       Staff             |       |       |       |    10 ||    10
       Flail             |       |       |       |     7 ||     7
Throw: Dart              |       |       |       |     7 ||     7
 Cast: Magic Dart        |    61 |    80 |   104 |    67 ||   312
       Searing Ray       |     6 |    31 |    71 |    84 ||   192
       Fulminant Prism   |       |       |     2 |     9 ||    11
       Scorch            |       |       |       |    17 ||    17
       Iskenderun's Myst |       |       |       |     3 ||     3
       Conjure Flame     |       |       |       |     2 ||     2
Evoke: Wand              |       |       |       |     6 ||     6
  Use: Potion            |       |       |     1 |     2 ||     3
       Scroll            |       |       |    12 |     3 ||    15
Armor: Robe              |     4 |       |       |       ||     4
       Animal skin       |       |    16 |    30 |    10 ||    56
       Acid dragon scale |       |       |       |    78 ||    78
Dodge: Dodged            |    10 |    29 |    61 |    98 ||   198
Block: Buckler           |       |       |       |     5 ||     5
